 Dungeon Sprint DCSS version 0.13-a0-2995-g9a84c3d (webtiles) character file.

8900000 Misa the Intangible (level 23, -1/215 HPs)
             Began as a Demonspawn Gladiator on Sept 8, 2013.
             Was the Champion of Makhleb.
             Slain by a bag of meat
             ... wielding a +9,+9 war axe
              (38 damage)
             ... in the Dungeon (Sprint VIII: "Arena of Blood").
             The game lasted 00:05:59 (89 turns).

Misa the Intangible (Demonspawn Gladiator)            Turns: 89, Time: 00:06:00

HP  -1/215       AC 10     Str 16      XL: 23   Next: 99%
MP   0/47        EV 36     Int 11      God: Makhleb [******]
Gold 20          SH  0     Dex 22      Spells:  0 memorised, 76 levels left

Res.Fire  : + + .   See Invis. : +   l - +โˆž Axe of Woe
Res.Cold  : . . .   Warding    : .   b - +0 leather armour
Life Prot.: . . .   Conserve   : .   (no shield)
Res.Poison: .       Res.Corr.  : .   (helmet unavailable)
Res.Elec. : .       Clarity    : .   (no cloak)
Sust.Abil.: . .     Spirit.Shd : +   (no gloves)
Res.Mut.  : .       Prev.Telep.: +   (no boots)
Res.Rott. : .       Flight     : .   (no amulet)
Saprovore : . . .                    (no ring)
                                     (no ring)

@: very slightly contaminated, hasted, very quick, quite resistant to hostile
enchantments, incredibly stealthy
A: antennae 3, conserve scrolls, demonic guardian 1, fire resistance 1, magic
shield, magic regeneration, AC +4, EV -1
a: Minor Destruction, Lesser Servant of Makhleb, Major Destruction, Greater
Servant of Makhleb, Renounce Religion


You were in the Dungeon.
You worshipped Makhleb.
Makhleb was exalted by your worship.
You were not hungry.

You visited 1 branch

Inventory:

Hand weapons
 a - a +0,+0 hand axe {=f}
 l - the +โˆž,+โˆž Axe of Woe (weapon)
   (You found it in the Dungeon)
Missiles
 d - 3 throwing nets (quivered)
Armour
 b - a +0 leather armour (worn)
 c - a +0 helmet
Comestibles
 f - a bread ration
Scrolls
 k - a scroll of blinking
Potions
 e - a potion of curing
 g - a potion of heal wounds
 i - 2 potions of magic
 j - a potion of berserk rage


   Skills:
 O Level 27 Fighting
 O Level 27 Axes
 O Level 27 Throwing
 O Level 27 Armour
 O Level 27 Dodging
 O Level 27 Stealth
 O Level 27 Unarmed Combat
 O Level 27 Spellcasting
 O Level 27 Invocations


You had 76 spell levels left.
You didn't know any spells.

Dungeon Overview and Level Annotations

Branches:
Dungeon (1/1)

Altars:
Makhleb


Innate Abilities, Weirdness & Mutations

You have a pair of large antennae on your head (SInv).
You are completely covered in molten scales (AC +4, EV -1, rF+).
You are very good at protecting items from fire.
A weak demonic guardian rushes to your aid.
Your flesh is heat resistant.
When hurt, damage is shared between your health and your magic reserves.
You regenerate magic rapidly.


Message History

The dread calls on the powers of darkness!
The bag of meat convulses!
Your body is wracked with pain!
* * * LOW HITPOINT WARNING * * *
You hear a shout!
Items here: %%%% )))))))))))))) ============== You pulverise the lost soul into thin bloody mist.
You destroy the lost soul!
Makhleb accepts your kill.
You hear a shout!
The dread throws hellfire at you.
The hellfire explodes!
The burst of hellfire engulfs you!
* * * LOW HITPOINT WARNING * * *
The burst of hellfire engulfs your iron imp.
Your iron imp completely resists.
You hear a shout!
Your iron imp closely misses the bag of meat.
You swap places.
You hear a shout!
The bag of meat hits you with a +9,+9 war axe!
You die...

...... ..... ..
#.W.. .# .. {
#... ..#
...###... ..###.
....O..W###.p....
#ยง.....)._......
#o)...# { #@)<._#
#5)...#
#.....2)._......
........###......
...#.#... ..###.
.....#... ..# ...
#.... .# . ....D
.. ......


You could see a meat beast, an eight-headed meat hydra, a lost soul (invisible),
2 dreads, a bag of meat and a friendly iron imp.

Vanquished Creatures
  Harold (D)
  4 greater mummies (D)
  4 hell beasts (D)
  2 liches (D)
  15 ogres (D)
  27 orcs (D)
  A phantom (D)
  4 skeletal warriors (D)
  7 vampire knights (D)
  14 large abominations (D)
  A small abomination (D)
  A soul eater (D)
  3 crawling corpses (D)
84 creatures vanquished.

Vanquished Creatures (others)
  A cacodemon (D)
  An iron imp (D)
  A crimson imp (D)
  A lemure (D)
  A white imp (D)
  2 ufetubi (D)
7 creatures vanquished.

Grand Total: 91 creatures vanquished

Notes
Turn   | Place    | Note
--------------------------------------------------------------
     0 | D        | Misa, the Demonspawn Gladiator, began the quest for the Orb.
     0 | D        | Reached XP level 1. HP: 17/17 MP: 0/0
     3 | D        | Noticed a bag of meat
     4 | D        | Noticed a meat berserker
     4 | D        | Became a worshipper of Makhleb the Destroyer
     5 | D        | Noticed a bag of meat
     5 | D        | Noticed a bag of meat
     6 | D        | Noticed a meat berserker
     7 | D        | Noticed a bag of meat
     7 | D        | Killed a bag of meat
     7 | D        | Reached skill level 9 in Fighting
     7 | D        | Reached skill level 15 in Axes
     7 | D        | Reached skill level 15 in Dodging
     7 | D        | Gained mutation: You have a pair of small antennae on your head. [demonic ancestry]
     7 | D        | Reached XP level 2. HP: 4/25 MP: 1/1
     7 | D        | Reached XP level 3. HP: 4/31 MP: 2/2
     7 | D        | Reached XP level 4. HP: 4/38 MP: 3/3
     7 | D        | Gained mutation: A weak demonic guardian rushes to your aid. [demonic ancestry]
     7 | D        | Reached XP level 5. HP: 4/45 MP: 4/4
     7 | D        | Gained mutation: You have a pair of antennae on your head. [demonic ancestry]
     7 | D        | Reached XP level 6. HP: 4/52 MP: 5/5
     7 | D        | Reached XP level 7. HP: 4/58 MP: 6/6
     7 | D        | Gained mutation: You are partially covered in molten scales (AC +1). [demonic ancestry]
     7 | D        | Reached XP level 8. HP: 4/65 MP: 7/7
     7 | D        | Reached XP level 9. HP: 4/72 MP: 8/8
     7 | D        | Gained mutation: You are mostly covered in molten scales (AC +3, EV -1). [demonic ancestry]
     7 | D        | Reached XP level 10. HP: 4/79 MP: 9/9
     7 | D        | Reached XP level 11. HP: 4/85 MP: 10/10
     7 | D        | Killed a meat berserker
     7 | D        | Acquired Makhleb's first power
     7 | D        | Reached skill level 18 in Axes
     7 | D        | Reached skill level 10 in Throwing
     7 | D        | Gained mutation: When hurt, damage is shared between your health and your magic reserves. [demonic ancestry]
     7 | D        | Reached XP level 12. HP: 4/94 MP: 11/11
     8 | D        | Noticed a bag of meat
     8 | D        | Noticed a bag of meat
     8 | D        | Killed a meat berserker
     8 | D        | Reached skill level 19 in Axes
     8 | D        | Reached XP level 13. HP: 99/102 MP: 12/12
     9 | D        | Noticed a bag of meat
     9 | D        | Killed a bag of meat
     9 | D        | Reached skill level 20 in Axes
    10 | D        | Noticed a bag of meat
    10 | D        | Noticed a meat berserker
    10 | D        | Noticed a meat berserker
    11 | D        | Killed a bag of meat
    11 | D        | Acquired Makhleb's second power
    11 | D        | Reached skill level 21 in Axes
    11 | D        | Gained mutation: You are very good at protecting items from fire. [demonic ancestry]
    11 | D        | Reached XP level 14. HP: 101/112 MP: 11/13
    11 | D        | Killed a bag of meat
    11 | D        | Reached skill level 22 in Axes
    12 | D        | Noticed a bag of meat
    12 | D        | Noticed a meat berserker
    12 | D        | Killed a bag of meat
    12 | D        | Reached skill level 15 in Fighting
    12 | D        | Reached skill level 23 in Dodging
    12 | D        | Gained mutation: You are completely covered in molten scales (AC +4, EV -1, rF+). [demonic ancestry]
    12 | D        | Reached XP level 15. HP: 107/122 MP: 11/14
    13 | D        | Noticed a meat berserker
    13 | D        | Killed a meat berserker
    13 | D        | Acquired Makhleb's third power
    13 | D        | Reached skill level 10 in Armour
    13 | D        | Reached skill level 24 in Dodging
    14 | D        | Noticed a bag of meat
    15 | D        | Noticed a bag of meat
    15 | D        | Killed a meat berserker
    15 | D        | Reached skill level 25 in Dodging
    15 | D        | Killed a bag of meat
    15 | D        | Reached skill level 26 in Dodging
    16 | D        | Noticed a bag of meat
    16 | D        | Noticed a meat berserker
    16 | D        | Noticed a bag of meat
    16 | D        | Killed a bag of meat
    16 | D        | Acquired Makhleb's fourth power
    16 | D        | Reached skill level 15 in Armour
    16 | D        | Reached skill level 27 in Dodging
    16 | D        | Reached XP level 16. HP: 132/134 MP: 7/15
    16 | D        | Killed a meat berserker
    17 | D        | Noticed a bag of meat
    17 | D        | Killed a bag of meat
    18 | D        | Noticed a meat berserker
    19 | D        | Noticed a bag of meat
    19 | D        | Killed a bag of meat
    19 | D        | Killed a meat berserker
    19 | D        | Reached XP level 17. HP: 146/149 MP: 8/16
    19 | D        | Killed a bag of meat
    19 | D        | Acquired Makhleb's fifth power
    20 | D        | Noticed a bag of meat
    20 | D        | Noticed a bag of meat
    21 | D        | Killed a bag of meat
    22 | D        | Killed a meat berserker
    22 | D        | Killed a meat berserker
    22 | D        | Reached skill level 27 in Armour
    22 | D        | Killed a bag of meat
    22 | D        | Reached XP level 18. HP: 166/171 MP: 6/17
    25 | D        | Killed a bag of meat
    25 | D        | Reached skill level 27 in Fighting
    25 | D        | Reached skill level 15 in Invocations
    26 | D        | Killed a bag of meat
    26 | D        | Reached skill level 1 in Unarmed Combat
    26 | D        | Reached skill level 1 in Spellcasting
    27 | D        | Killed a bag of meat
    28 | D        | Killed a bag of meat
    28 | D        | Reached skill level 5 in Stealth
    28 | D        | Reached skill level 27 in Invocations
    31 | D        | Noticed a destroyer
    36 | D        | Noticed a meat berserker
    37 | D        | Noticed The Servant
    37 | D        | Killed a meat berserker
    38 | D        | Noticed a meat berserker
    38 | D        | Noticed a meat berserker
    38 | D        | Noticed a bag of meat
    39 | D        | Noticed a meat berserker
    39 | D        | Killed a destroyer
    39 | D        | Reached skill level 10 in Unarmed Combat
    39 | D        | Reached skill level 10 in Spellcasting
    39 | D        | Gained mutation: You have a pair of large antennae on your head (SInv). [demonic ancestry]
    39 | D        | Reached XP level 19. HP: 176/180 MP: 8/40
    39 | D        | Killed The Servant
    40 | D        | Noticed a bag of meat
    40 | D        | Noticed a sculptor of flesh
    40 | D        | Noticed a destroyer
    40 | D        | Killed a meat berserker
    40 | D        | Reached skill level 15 in Stealth
    41 | D        | Noticed a bag of meat
    41 | D        | Noticed a bag of meat
    41 | D        | Noticed a bag of meat
    41 | D        | Noticed a destroyer
    42 | D        | Noticed a sculptor of flesh
    42 | D        | Killed a sculptor of flesh
    42 | D        | Reached skill level 15 in Unarmed Combat
    42 | D        | Reached skill level 15 in Spellcasting
    45 | D        | Noticed a bag of meat
    45 | D        | Noticed a bag of meat
    45 | D        | Noticed a destroyer
    45 | D        | Noticed a sculptor of flesh
    46 | D        | Killed a sculptor of flesh
    46 | D        | Killed a sculptor of flesh
    46 | D        | Gained mutation: You regenerate magic rapidly. [demonic ancestry]
    46 | D        | Reached XP level 20. HP: 189/189 MP: 10/41
    47 | D        | Noticed a bag of meat
    48 | D        | Noticed a destroyer
    48 | D        | Noticed a destroyer
    48 | D        | Noticed an accursed
    48 | D        | Killed a bag of meat
    49 | D        | Noticed a sculptor of flesh
    49 | D        | Killed a meat berserker
    51 | D        | Noticed a bag of meat
    51 | D        | Killed a bag of meat
    52 | D        | Noticed a bag of meat
    52 | D        | Killed a bag of meat
    53 | D        | Killed a meat berserker
    53 | D        | Killed a destroyer
    54 | D        | Killed a bag of meat
    54 | D        | Killed a destroyer
    54 | D        | Reached XP level 21. HP: 197/197 MP: 6/45
    56 | D        | Killed a bag of meat
    56 | D        | Reached skill level 27 in Stealth
    56 | D        | Killed a sculptor of flesh
    57 | D        | Killed a bag of meat
    58 | D        | Noticed a tyrant
    58 | D        | Killed a destroyer
    58 | D        | Reached skill level 27 in Unarmed Combat
    58 | D        | Reached skill level 27 in Spellcasting
    59 | D        | Noticed an accursed
    59 | D        | Killed a bag of meat
    60 | D        | Noticed an accursed
    60 | D        | Noticed a tyrant
    60 | D        | Killed a bag of meat
    60 | D        | Reached skill level 15 in Throwing
    61 | D        | Noticed a bag of meat
    61 | D        | Killed a destroyer
    61 | D        | Reached skill level 27 in Axes
    63 | D        | Noticed an accursed
    63 | D        | Killed an accursed
    63 | D        | Gained mutation: Your flesh is heat resistant. [demonic ancestry]
    63 | D        | Reached XP level 22. HP: 207/207 MP: 5/47
    66 | D        | Noticed a meat berserker
    69 | D        | Killed a tyrant
    69 | D        | Killed an accursed
    70 | D        | Noticed a meat beast
    71 | D        | Noticed a meat beast
    71 | D        | Killed an accursed
    71 | D        | Killed a meat berserker
    71 | D        | Reached skill level 27 in Throwing
    72 | D        | Killed a tyrant
    72 | D        | Killed a meat beast
    72 | D        | Killed a meat beast
    73 | D        | Noticed a meat beast
    74 | D        | Killed a bag of meat
    75 | D        | Killed an accursed
    75 | D        | Reached XP level 23. HP: 215/215 MP: 5/47
    76 | D        | Noticed a bag of meat
    76 | D        | Noticed a meat beast
    76 | D        | Killed a meat beast
    77 | D        | Noticed a meat berserker
    78 | D        | Noticed a destroyer
    78 | D        | Killed a meat beast
    79 | D        | Noticed a bag of meat
    79 | D        | Noticed a meat berserker
    79 | D        | Killed a meat berserker
    79 | D        | Killed a bag of meat
    80 | D        | Noticed a bag of meat
    80 | D        | Noticed a dread
    81 | D        | Noticed a dread
    81 | D        | Killed a destroyer
    82 | D        | Killed a meat berserker
    82 | D        | Killed a destroyer
    84 | D        | Noticed a lost soul
    84 | D        | Killed a bag of meat
    85 | D        | Noticed a lost soul
    86 | D        | Noticed a meat beast
    87 | D        | Noticed a meat beast
    87 | D        | Noticed an eight-headed meat hydra
    88 | D        | Killed a lost soul
    89 | D        | Slain by a bag of meat

Action                   |  1- 3 |  4- 6 |  7- 9 | 10-12 | 13-15 | 16-18 | 19-21 | 22-24 || total
-------------------------+-------+-------+-------+-------+-------+-------+-------+-------++-------
Melee: Executioner's axe |     1 |       |       |     1 |     6 |    10 |    18 |    16 ||    52
Invok: Greater Servant o |       |       |       |       |       |       |     1 |       ||     1
  Use: Potion            |       |       |       |       |       |       |       |     1 ||     1
